 Dungeon Crawl Stone Soup version 0.28-a0-1518-gbe868bca14 (webtiles) character file.

Game seed: 6987861044423738907

8 knot the Chopper (level 2, 28/36 HPs)
             Began as a Demonspawn Berserker on Jan 17, 2022.
             Was a Follower of Trog.
             Quit the game on level 1 of the Dungeon.
             The game lasted 00:00:12 (281 turns).

knot the Chopper (Demonspawn Berserker)              Turns: 281, Time: 00:00:13

Health: 28/36      AC:  2    Str: 17    XL:     2   Next: 0%
Magic:  2/2        EV: 12    Int:  8    God:    Trog [*.....]
Gold:   23         SH:  0    Dex: 12    Spells: 1/1 levels left

rFire   . . .      SeeInvis .   a - +0 hand axe
rCold   . . .      Faith    .   (no shield)
rNeg    . . .      Spirit   .   b - +0 animal skin
rPois   .          Reflect  .   (no helmet)
rElec   .          Harm     .   (no cloak)
rCorr   .          Rampage  .   (no gloves)
Will    .....                   (no boots)
Stlth   ..........              (no amulet)
HPRegen 0.12/turn               (no ring)
MPRegen 0.08/turn               (no ring)

@: berserking (expiring), very quick
A: hooves 1
a: Renounce Religion, Berserk


You were on level 1 of the Dungeon.
You worshipped Trog.
Trog was aware of your devotion.
You visited 1 branch of the dungeon, and saw 1 of its levels.

You collected 23 gold pieces.

Inventory:

Hand Weapons
 a - a +0 hand axe (weapon)
Missiles
 c - 18 stones (quivered)
Armour
 b - a +0 animal skin (worn)
Scrolls
 d - a scroll of identify {unknown}


   Skills:
 - Level 3.0 Fighting
 + Level 3.2 Axes
 - Level 1.7 Armour
 - Level 1.7 Dodging


You had one spell level left.
You didn't know any spells.
Your spell library was empty.

Dungeon Overview and Level Annotations

Branches:
Dungeon (1/15)

Altars:


Innate Abilities, Weirdness & Mutations

You have large cloven feet.


Message History

You see here 4 gold pieces.
You hit the endoplasm.
You kill the endoplasm!
Trog accepts your kill.
You miss the frilled lizard. You barely miss the bat.
The bat hits you but does no damage. The frilled lizard bites you.
A rat comes into view.
The bat barely misses you.
A red film seems to cover your vision as you go berserk!
You feel yourself moving faster!
You feel mighty! The bat hits you but does no damage. The bat hits you.
The bat hits you but does no damage. The kobold closely misses you.
You barely miss the kobold. You hit the frilled lizard.
You kill the frilled lizard!
Trog accepts your kill.
You slash the frilled lizard!
You kill the frilled lizard!
Trog accepts your kill.
You closely miss the bat. The bat completely misses you. The bat misses you.
The kobold closely misses you.
Your Axes skill increases to level 3!
You hit the kobold.
You kill the kobold!
Trog accepts your kill.
You slash the bat!
You kill the bat!
Trog accepts your kill.
You closely miss the bat. The bat barely misses you.
You slash the bat!
You kill the bat!
Trog accepts your kill.
Unknown command.
You feel a strong urge to attack something.
You hit the rat.
You kill the rat!
Trog accepts your kill.
You have reached level 2!
Your demonic ancestry asserts itself...
Your feet thicken and deform.
Are you sure you want to abandon this character and quit the game? (Confirm with "yes".)

#.# #.# .........#
#.# #.#
#........###.###.####
+).......+...........
#........###.########
#........# #.#
#........# #.#
#........# #.#
#...@....# #.#
#..).†...# #.#
#..†$....# #.#
#........# #.#
#........# #.#
####'##### #.# #.#
#.# # #.# #.#
#...#####.#######.#


There were no monsters in sight!

Vanquished Creatures
  An endoplasm (D:1)
  A goblin (D:1)
  A kobold (D:1)
  3 bats (D:1)
  2 frilled lizards (D:1)
  A rat (D:1)
9 creatures vanquished.

Notes
Turn   | Place    | Note
-------+----------+-------------------------------------------
     0 | D:1      | knot the Demonspawn Berserker began the quest for the Orb.
     0 | D:1      | Reached XP level 1. HP: 18/18 MP: 1/1
   281 | D:1      | Gained mutation: You have large cloven feet. [demonic
                  | ancestry]
   281 | D:1      | Reached XP level 2. HP: 24/24 MP: 2/2
   281 | D:1      | Quit the game

Illustrated notes

Levels and vault maps discovered:
D:1:      tarquinn_simple_flora_water_a, layout_basic

Skill      XL: |  1 |
---------------+----+-----
Axes           | 3 |  3.2
Fighting       | |  3.0
Armour         | |  1.7
Dodging        | |  1.7

Action                   || total
-------------------------++-------
Melee: Hand axe          ||    13
Invok: Berserk           ||     1
Armor: Animal skin       ||     6
Dodge: Dodged            ||    14

Table legend: (Time is in decaauts)
 A = Elapsed time spent in this place.
 B = Non-inter-level travel time spent in this place.
 C = Inter-level travel time spent in this place.
 D = Time resting spent in this place.
 E = Time spent auto-exploring this place.
 F = Levels seen in this place.
 G = Mean time per level.
                   A        B        C        D        E       F      G
               +--------+--------+--------+--------+--------+-----+--------+
         Total |    280 |    280 |      0 |    158 |     89 |   1 |  280.0 |
       Dungeon |    280 |    280 |      0 |    158 |     89 |   1 |  280.0 |
               +--------+--------+--------+--------+--------+-----+--------+

Top non-repeatable levels by time:
     D:1: 280 daAuts
